 Dungeon Crawl Stone Soup version 0.29-a0-330-g52719c12eb (webtiles) character file.

Game seed: 2302348965574353428

9951 Crownlay the Frost Mage (level 11, -14/83 HPs)
             Began as a Gnoll Ice Elementalist on May 1, 2022.
             Was an Initiate of Gozag.
             Demolished by a shadow (31 damage)
             ... on level 11 of the Dungeon.
             The game lasted 00:24:10 (12347 turns).

Crownlay the Frost Mage (Gnoll Ice Elementalist)   Turns: 12347, Time: 00:24:10

Health: -14/83     AC:  3    Str:  7    XL:     11   Next: 54%
Magic:  20/23      EV: 15    Int: 19    God:    Gozag
Gold:   1031       SH:  0    Dex: 13    Spells: 10/26 levels left

rFire   . . .      SeeInvis .   o - +4 halberd (elec)
rCold   . . .      Faith    .   (shield currently unavailable)
rNeg    . . .      Spirit   .   a - +0 robe
rPois   .          Reflect  .   m - +0 helmet
rElec   .          Harm     .   (no cloak)
rCorr   .          Rampage  .   (no gloves)
Will    .....                   (no boots)
Stlth   ++++......              n - amulet of regeneration
HPRegen 1.03/turn               E - ring of wizardry
MPRegen 0.18/turn               F - ring of wizardry

@: gold aura, freezing walls
A: fangs 1, strong nose, distributed training
a: Renounce Religion, Potion Petition, Call Merchant, Bribe Branch


You were on level 11 of the Dungeon.
You worshipped Gozag.
Gozag was most pleased with you.
You visited 2 branches of the dungeon, and saw 12 of its levels.
You also visited: Bailey.

You collected 1669 gold pieces.
You spent 584 gold pieces at shops.
You paid 54 gold pieces to Gozag.

Inventory:

Hand Weapons
 o - a +4 halberd of electrocution (weapon)
Missiles
 l - 8 boomerangs (quivered)
 p - a throwing net
 y - 5 silver boomerangs
Armour
 a - a +0 robe (worn)
 h - the +0 leather armour of Loss {rF- rC+ Slay+2}
   (You found it on level 8 of the Dungeon)

   Slay:      It affects your accuracy & damage with ranged weapons and melee
   (+2).
   rF:        It makes you vulnerable to fire.
   rC:        It protects you from cold.
 m - a +0 helmet (worn)
 I - a +0 pair of boots
Magical Staves
 H - a staff of air
Jewellery
 n - an amulet of regeneration (around neck)
 q - a ring of protection from cold
 A - a ring of willpower
 E - a ring of wizardry (left hand)
 F - a ring of wizardry (right hand)
Wands
 w - a wand of iceblast (10)
 B - a wand of polymorph (8)
Scrolls
 c - a scroll of magic mapping
 g - 2 scrolls of blinking
 k - 2 scrolls of fear
 s - 3 scrolls of vulnerability
 u - a scroll of teleportation
 G - a scroll of silence
Potions
 b - 6 potions of magic
 d - 4 potions of curing
 e - 3 potions of cancellation
 f - 6 potions of lignification
 i - 4 potions of flight
 j - 2 potions of attraction {unknown}
 r - 5 potions of brilliance
 t - a potion of heal wounds
 v - a potion of experience {unknown}
 x - 7 potions of mutation
 z - 5 potions of haste
 C - 4 potions of might
 D - 2 potions of invisibility


   Skills:
 + Level 6.4 Fighting
 + Level 6.4 Short Blades
 + Level 6.4 Long Blades
 + Level 6.4 Axes
 + Level 6.4 Maces & Flails
 + Level 6.4 Polearms
 + Level 6.4 Staves
 + Level 6.4 Slings
 + Level 6.4 Bows
 + Level 6.4 Crossbows
 + Level 6.4 Throwing
 + Level 6.4 Armour
 + Level 7.9 Dodging
 + Level 7.7 Stealth
 + Level 6.4 Shields
 + Level 6.4 Unarmed Combat
 + Level 8.2 Spellcasting
 + Level 5.3 Conjurations
 + Level 5.3 Hexes
 + Level 5.3 Summonings
 + Level 5.3 Necromancy
 + Level 5.3 Translocations
 + Level 5.3 Transmutations
 + Level 5.3 Fire Magic
 + Level 9.0 Ice Magic
 + Level 5.3 Air Magic
 + Level 5.3 Earth Magic
 + Level 5.3 Poison Magic
 + Level 7.0 Invocations
 + Level 6.4 Evocations


You had 10 spell levels left.
You knew the following spells:

 Your Spells              Type           Power      Damage    Failure   Level
a - Freeze                Ice            100%       1d11      1%          1
b - Frozen Ramparts       Ice            84%        1d10      1%          3
c - Ozocubu's Armour      Ice            42%        N/A       1%          3
d - Hailstorm             Conj/Ice       35%        3d9       1%          4
e - Freezing Cloud        Conj/Ice/Air   16%        6-21      4%          5

Your spell library contained the following spells:

 Spells                   Type           Power      Damage    Failure   Level
 Apportation              Tloc           56%        N/A       1%          1
 Pain                     Necr           100%       1d9       1%          1
 Shock                    Conj/Air       100%       1d9       1%          1
 Gell's Gravitas          Tloc           28%        N/A       1%          3
 Ignite Poison            Fire/Tmut/Pois 28%        N/A       1%          3
 Inner Flame              Hex/Fire       28%        N/A       1%          3
 Mephitic Cloud           Conj/Pois/Air  28%        N/A       1%          3
 Portal Projectile        Hex/Tloc       56%        N/A       1%          3
 Swiftness                Air            28%        N/A       1%          3
 Teleport Other           Tloc           28%        N/A       1%          3
 Airstrike                Air            14%        N/A       2%          4
 Cause Fear               Hex            14%        N/A       2%          4
 Petrify                  Tmut/Erth      28%        N/A       2%          4
 Metabolic Englaciation   Hex/Ice        17%        N/A       3%          5
 Agony                    Necr           28%        N/A       8%          5
 Alistair's Intoxication  Tmut/Pois      18%        N/A       8%          5
 Blade Hands              Tmut           14%        N/A       8%          5
 Excruciating Wounds      Necr           14%        N/A       8%          5
 Dispersal                Tloc           14%        N/A       36%         6
 Statue Form              Tmut/Erth      18%        N/A       36%         6
 Discord                  Hex            14%        N/A       100%        8


Dungeon Overview and Level Annotations

Branches:
Dungeon (11/15)            Temple (1/1) D:5            Lair (0/6) D:11
    Orc (0/2) D:11         Bailey (visited)

Altars:
Elyvilon
Gozag
Vehumet
Wu Jian

Shops:
D:5 !   D:9 !


Innate Abilities, Weirdness & Mutations

You have very sharp teeth.
Your uncanny sense of smell can sniff out nearby items.
Your experience applies equally to all skills.


Message History

Confirm with . or Enter, or press ? or * to list all spells.
Casting: Frozen Ramparts (safe; 1% risk of failure)
Press: ? - help, Dir - look around, f - activate The walls around you are covered in ice.
The sentinel's mark upon you fades away.
The kobold brigand barely misses you. The shadow hits you.
The wall freezes the kobold.
You kill the kobold!
The wall freezes the kobold brigand.
The kobold brigand misses you.
The wall freezes the kobold demonologist.
You closely miss the kobold demonologist.
The kobold demonologist is lightly wounded.
The kobold brigand hits you with a +0 club!
* * * LOW HITPOINT WARNING * * *
A kobold demonologist comes into view. It is wielding a +0 dagger.
The wall freezes the kobold brigand.
The kobold brigand closely misses you. The shadow hits you!
* * * LOW HITPOINT WARNING * * *
The wall freezes the kobold demonologist!
The kobold demonologist hits you with a +0 dagger.
* * * LOW HITPOINT WARNING * * *
You feel much better.
The shadow slips into darkness.
The shadow flickers and vanishes!
Deactivating autopickup; reactivate with Ctrl-A.
The wall freezes the kobold brigand.
The kobold brigand barely misses you.
The wall freezes the kobold.
You kill the kobold!
The kobold brigand hits you with a +0 club.
* * * LOW HITPOINT WARNING * * *
The wall freezes the kobold demonologist!
The kobold demonologist closely misses you.
The kobold demonologist looks braver for a moment.
You closely miss the kobold demonologist.
The kobold demonologist is heavily wounded.
The kobold brigand hits you with a +0 club!
* * * LOW HITPOINT WARNING * * *
The shadow strikes at you from the darkness!
You die...
Your body crumbles into a pile of gold.

#...#...#...##.....P....
#...#...#............P
#.(.#...#...........P.
#...#...#.....P........
#...#'###.K....P.....P....
#........$.........P.>..P
#........##.P............
#......{KK.......P....P..
.......K@#...P....P..P...
.........#.......P....PP.
######...#.....)..P.P..P.
#.$.#..........P....
#...#.......#....P..
#...#########.......
#...................
#...................
....($$####..............


You could see 2 kobold demonologists and 2 kobold brigands.

Vanquished Creatures
  A hydra (D:11)
  2 two-headed ogres
  2 skeletal warriors (D:11)
  A komodo dragon (D:10)
  A troll (D:11)
  A hornet (D:9)
  Sigmund (D:2)
  3 shadows
  A yak (D:11)
  3 steam dragons (D:7)
  Menkaure (D:7)
  An acid dragon (D:10)
  A water moccasin (D:11)
  3 orc warriors
  A sky beast (D:6)
  2 black bears (D:11)
  3 ice beasts
  3 ogres
  4 centaurs
  A kobold brigand (D:9)
  3 necrophages
  4 bullfrogs
  6 scorpions
  9 wights
  6 killer bees (D:9)
  2 howler monkeys (D:9)
  5 hounds
  5 jellies
  7 orc priests
  2 gnoll shamans
  Jessica (D:2)
  3 iguanas
  5 orc wizards
  Robin (D:2)
  20 gnolls
  6 adders
  2 shadow imps
  A white imp (D:6)
  3 worms
  4 dart slugs
  41 orcs
  7 ball pythons
  5 endoplasms
  3 giant cockroaches
  18 goblins
  11 hobgoblins
  3 quokkas
  6 bats
  A frilled lizard (D:1)
  12 kobolds
  8 rats
246 creatures vanquished.

Vanquished Creatures (collateral kills)
  A skeletal warrior (D:11)
  A black bear (D:11)
2 creatures vanquished.

Vanquished Creatures (others)
  2 demonic plants (D:3)
  46 fungi
  34 plants
82 creatures vanquished.

Grand Total: 330 creatures vanquished

Notes
Turn   | Place    | Note
-------+----------+-------------------------------------------
     0 | D:1      | Crownlay the Gnoll Ice Elementalist began the quest for the
                  | Orb.
     0 | D:1      | Reached XP level 1. HP: 13/13 MP: 6/6
   410 | D:1      | Reached XP level 2. HP: 15/19 MP: 7/7
  1158 | D:1      | Reached XP level 3. HP: 25/25 MP: 6/9
  1162 | D:1      | Learned a level 3 spell: Frozen Ramparts
  1166 | D:1      | Learned a level 3 spell: Ozocubu's Armour
  1246 | D:1      | Reached skill level 5 in Spellcasting
  1725 | D:2      | You fall into a shaft and drop 2 floors!
  1828 | D:4      | Noticed a necrophage
  1840 | D:4      | Killed a necrophage
  1841 | D:4      | Reached skill level 1 in Fighting
  1841 | D:4      | Reached skill level 1 in Short Blades
  1841 | D:4      | Reached skill level 1 in Long Blades
  1841 | D:4      | Reached skill level 1 in Axes
  1841 | D:4      | Reached skill level 1 in Maces & Flails
  1841 | D:4      | Reached skill level 1 in Polearms
  1841 | D:4      | Reached skill level 1 in Staves
  1841 | D:4      | Reached skill level 1 in Slings
  1841 | D:4      | Reached skill level 1 in Bows
  1841 | D:4      | Reached skill level 1 in Crossbows
  1841 | D:4      | Reached skill level 1 in Throwing
  1841 | D:4      | Reached skill level 1 in Armour
  1841 | D:4      | Reached skill level 1 in Shields
  1841 | D:4      | Reached skill level 1 in Unarmed Combat
  1841 | D:4      | Reached skill level 1 in Conjurations
  1841 | D:4      | Reached skill level 1 in Hexes
  1841 | D:4      | Reached skill level 1 in Summonings
  1841 | D:4      | Reached skill level 1 in Necromancy
  1841 | D:4      | Reached skill level 1 in Translocations
  1841 | D:4      | Reached skill level 1 in Transmutations
  1841 | D:4      | Reached skill level 1 in Fire Magic
  1841 | D:4      | Reached skill level 1 in Air Magic
  1841 | D:4      | Reached skill level 1 in Earth Magic
  1841 | D:4      | Reached skill level 1 in Poison Magic
  1841 | D:4      | Reached skill level 1 in Invocations
  1841 | D:4      | Reached skill level 1 in Evocations
  1841 | D:4      | Reached XP level 4. HP: 27/32 MP: 4/11
  2081 | D:2      | Reached XP level 5. HP: 37/37 MP: 8/12
  2466 | D:2      | Noticed Sigmund
  2500 | D:2      | Killed Sigmund
  2501 | D:2      | Reached skill level 5 in Dodging
  2501 | D:2      | Reached XP level 6. HP: 15/44 MP: 1/14
  2739 | D:2      | Noticed Robin
  2756 | D:2      | Killed Robin
  3438 | D:2      | Noticed Jessica
  3450 | D:2      | Killed Jessica
  3933 | D:3      | Found a faded altar of an unknown god.
  4202 | D:3      | Reached XP level 7. HP: 50/50 MP: 15/15
  4396 | D:3      | Found a white marble altar of Elyvilon.
  5652 | D:5      | Entered Level 5 of the Dungeon
  5652 | D:5      | Found Qeononk's Distillery.
  5690 | D:5      | Found a staircase to the Ecumenical Temple.
  5702 | Temple   | Entered the Ecumenical Temple
  5760 | Temple   | Became a worshipper of Gozag Ym Sagoz the Greedy
  5813 | D:5      | Reached skill level 5 in Stealth
  6096 | D:5      | Reached XP level 8. HP: 57/57 MP: 9/16
  7305 | D:6      | Reached XP level 9. HP: 65/65 MP: 12/18
  7641 | D:5      | Bought a potion of might for 48 gold pieces
  7641 | D:5      | Bought a potion of haste for 120 gold pieces
  7641 | D:5      | Bought a potion of mutation for 96 gold pieces
  7641 | D:5      | Bought a potion of berserk rage for 60 gold pieces
  7694 | D:7      | Found an ornate altar of the Wu Jian Council.
  7713 | D:7      | Noticed Menkaure
  7718 | D:7      | Killed Menkaure
  7719 | D:7      | Reached skill level 8 in Ice Magic
  8059 | D:7      | Reached skill level 5 in Invocations
  8086 | D:7      | Found a flagged portal.
  8107 | Bailey   | Entered a bailey
  8434 | Bailey   | Reached XP level 10. HP: 73/73 MP: 20/20
  9364 | D:8      | Learned a level 4 spell: Hailstorm
  9370 | D:8      | Learned a level 5 spell: Freezing Cloud
  9645 | D:8      | Identified the +0 leather armour of Loss {rF- rC+ Slay+2}
  9791 | D:8      | Reached skill level 5 in Fighting
  9791 | D:8      | Reached skill level 5 in Short Blades
  9791 | D:8      | Reached skill level 5 in Long Blades
  9791 | D:8      | Reached skill level 5 in Axes
  9791 | D:8      | Reached skill level 5 in Maces & Flails
  9791 | D:8      | Reached skill level 5 in Polearms
  9791 | D:8      | Reached skill level 5 in Staves
  9791 | D:8      | Reached skill level 5 in Slings
  9791 | D:8      | Reached skill level 5 in Bows
  9791 | D:8      | Reached skill level 5 in Crossbows
  9791 | D:8      | Reached skill level 5 in Throwing
  9791 | D:8      | Reached skill level 5 in Armour
  9791 | D:8      | Reached skill level 5 in Shields
  9791 | D:8      | Reached skill level 5 in Unarmed Combat
  9791 | D:8      | Reached skill level 5 in Evocations
 10311 | D:9      | Noticed a two-headed ogre
 10316 | D:9      | HP: 2/111 [two-headed ogre/+0 giant club (16)]
 10319 | D:9      | Killed a two-headed ogre
 10502 | D:9      | Found Tuddom's Distillery.
 10513 | D:9      | Bought a potion of lignification for 39 gold pieces
 10513 | D:9      | Bought a potion of mutation for 104 gold pieces
 10513 | D:9      | Bought a potion of brilliance for 52 gold pieces
 10513 | D:9      | Bought a potion of heal wounds for 65 gold pieces
 11244 | D:10     | Entered Level 10 of the Dungeon
 11884 | D:11     | Reached XP level 11. HP: 80/81 MP: 18/22
 11884 | D:11     | Noticed a six-headed hydra
 11892 | D:11     | Killed an 11-headed hydra
 11943 | D:11     | Found a staircase to the Orcish Mines.
 11966 | D:11     | Noticed a two-headed ogre
 11976 | D:11     | Killed a two-headed ogre
 11977 | D:11     | Reached skill level 5 in Conjurations
 11977 | D:11     | Reached skill level 5 in Hexes
 11977 | D:11     | Reached skill level 5 in Summonings
 11977 | D:11     | Reached skill level 5 in Necromancy
 11977 | D:11     | Reached skill level 5 in Translocations
 11977 | D:11     | Reached skill level 5 in Transmutations
 11977 | D:11     | Reached skill level 5 in Fire Magic
 11977 | D:11     | Reached skill level 5 in Air Magic
 11977 | D:11     | Reached skill level 5 in Earth Magic
 11977 | D:11     | Reached skill level 5 in Poison Magic
 12165 | D:11     | Noticed a skeletal warrior
 12166 | D:11     | Noticed a skeletal warrior
 12170 | D:11     | Noticed a skeletal warrior
 12181 | D:11     | Killed a skeletal warrior
 12191 | D:11     | Killed a skeletal warrior
 12210 | D:11     | Killed a skeletal warrior
 12211 | D:11     | Reached skill level 9 in Ice Magic
 12294 | D:11     | Found a staircase to the Lair.
 12345 | D:11     | HP: 4/83 [kobold demonologist/+0 dagger (4)]
 12347 | D:11     | Demolished by a shadow

Illustrated notes

Levels and vault maps discovered:
D:1:      dpeg_arrival_water_temple_mockup, layout_basic, minmay_tetromino_i2
D:2:      layout_basic, uniq_robin, uniq_sigmund, uniq_jessica
D:3:      layout_rooms, elyvilon_altar_3, shapermc_ecumenical_altar_gd,
          serial_bayou, serial_bayou_pond_e, serial_bayou_shore_a,
          serial_bayou_lake_a, serial_bayou_pond_a, nicolae_figureground_sparkle
D:4:      layout_loops_corners, serial_glass, glass_columns_a, glass_columns_c,
          abandoned_shop
D:5:      layout_basic, minmay_temple_entry_proselytizer, serial_shops, shop
D:6:      layout_basic
D:7:      layout_layer_cave, nicolae_overflow_crystal_walls, enter_bailey_5,
          uniq_menkaure
D:8:      layout_cave_pods, minivault_25
D:9:      layout_loops_ring, serial_shops, nicolae_stop_n_shop_2
D:10:     layout_rooms
D:11:     layout_irregular_city, due_lair_maze_entry_diamond, david_orc_2,
          nicolae_trove_entry_free_sample, nicolae_wu_jian_immortal_techniques
Temple:   mainiacjoe_temple_cubbyholes

Skill      XL: |  1  2  3  4  5  6  7  8  9 10 11 |
---------------+----------------------------------+-----
Spellcasting   | 5 6 7 8 |  8.2
Fighting       | 1 2 3 4 5 6 |  6.4
Short Blades   | 1 2 3 4 5 6 |  6.4
Long Blades    | 1 2 3 4 5 6 |  6.4
Axes           | 1 2 3 4 5 6 |  6.4
Maces & Flails | 1 2 3 4 5 6 |  6.4
Polearms       | 1 2 3 4 5 6 |  6.4
Staves         | 1 2 3 4 5 6 |  6.4
Slings         | 1 2 3 4 5 6 |  6.4
Bows           | 1 2 3 4 5 6 |  6.4
Crossbows      | 1 2 3 4 5 6 |  6.4
Throwing       | 1 2 3 4 5 6 |  6.4
Armour         | 1 2 3 4 5 6 |  6.4
Shields        | 1 2 3 4 5 6 |  6.4
Unarmed Combat | 1 2 3 4 5 6 |  6.4
Conjurations   | 1 2 3 4 5 |  5.3
Hexes          | 1 2 3 4 5 |  5.3
Summonings     | 1 2 3 4 5 |  5.3
Necromancy     | 1 2 3 4 5 |  5.3
Translocations | 1 2 3 4 5 |  5.3
Transmutations | 1 2 3 4 5 |  5.3
Fire Magic     | 1 2 3 4 5 |  5.3
Air Magic      | 1 2 3 4 5 |  5.3
Earth Magic    | 1 2 3 4 5 |  5.3
Poison Magic   | 1 2 3 4 5 |  5.3
Invocations    | 1 2 3 4 5 6 7 |  7.0
Evocations     | 1 2 3 4 5 6 |  6.4
Dodging        | 5 6 7 |  7.9
Stealth        | 5 6 7 |  7.7
Ice Magic      | 8 9 |  9.0

Action                   |  1- 3 |  4- 6 |  7- 9 | 10-12 || total
-------------------------+-------+-------+-------+-------++-------
Melee: Hand axe          |    92 |    47 |       |       ||   139
       Bite              |     6 |    10 |    27 |    17 ||    60
       Punch             |       |     2 |     4 |       ||     6
       Whip              |       |    24 |   210 |       ||   234
       Halberd           |       |       |    19 |   189 ||   208
Throw: Boomerang         |       |       |     8 |       ||     8
 Cast: Freeze            |     6 |     2 |       |       ||     8
       Frozen Ramparts   |     2 |    19 |    36 |    22 ||    79
       Ozocubu's Armour  |     1 |    12 |    25 |    17 ||    55
       Freezing Cloud    |       |       |       |     2 ||     2
Evoke: Wand              |       |       |     1 |       ||     1
  Use: Scroll            |       |     6 |     4 |     8 ||    18
       Potion            |       |       |     2 |     7 ||     9
 Stab: Sleeping          |     9 |       |    15 |     7 ||    31
       Distracted        |       |       |       |     2 ||     2
Armor: Robe              |    20 |    16 |    48 |    32 ||   116
Dodge: Dodged            |    70 |    63 |   154 |   144 ||   431

Table legend: (Time is in decaauts)
 A = Elapsed time spent in this place.
 B = Non-inter-level travel time spent in this place.
 C = Inter-level travel time spent in this place.
 D = Time resting spent in this place.
 E = Time spent auto-exploring this place.
 F = Levels seen in this place.
 G = Mean time per level.
                   A        B        C        D        E       F      G
               +--------+--------+--------+--------+--------+-----+--------+
         Total |  12495 |  12076 |    419 |      0 |   9909 |  13 |  961.2 |
       Dungeon |  11996 |  11608 |    388 |      0 |   9570 |  11 | 1090.5 |
        Temple |     89 |     58 |     31 |      0 |     42 |   1 |   89.0 |
        Bailey |    408 |    408 |      0 |      0 |    297 |   1 |  408.0 |
               +--------+--------+--------+--------+--------+-----+--------+

Top non-repeatable levels by time:
     D:2: 1805 daAuts
     D:1: 1711 daAuts
     D:7: 1256 daAuts
     D:3: 1141 daAuts
     D:4: 1083 daAuts
     D:6: 1013 daAuts
     D:9: 1006 daAuts
     D:8: 963 daAuts
     D:5: 901 daAuts
    D:10: 588 daAuts
    D:11: 524 daAuts
  Bailey: 408 daAuts
  Temple: 89 daAuts
